Map: Lerilak Crest

Players

LilDicky

  • Race: Terran Terran
  • League: Diamond

DiYBISCUITs - Winner!

  • Race: Terran Terran

VOD

http://www.twitch.tv/tumescentpie

Description

Time

  • Played on: Nov. 24, 2015, 3:11 p.m.
  • Length: 13:48
Show
View Real Time Build Order
Export as new Build Order

LilDicky Terran 

Build Orders: MMM Bio 

Get SALT Encoding   

  12  0:06  SCV  
  13  0:18  SCV  
  14  0:22  Supply Depot  
  14  0:28  Refinery  
  14  0:31  SCV  
  15  0:43  SCV  
  16  0:50  Barracks  
  16  0:55  SCV  
  17  1:08  SCV  
  18  1:21  SCV  
  19  1:33  SCV  
  19  1:38  Reaper  
  21  1:42  Supply Depot  
  21  1:45  Orbital Command  
  21  1:49  Refinery, Barracks  
  21  2:10  Reaper  
  21  2:11  SCV  
  21  2:12  Barracks  
  23  2:23  SCV  
  24  2:36  Reaper  
  25  2:46  Reaper  
  25  2:52  Barracks  
  25  2:54  SCV  
  25  2:55  Barracks  
  26  3:05  Reaper  
  27  3:07  SCV  
  27  3:08  Reaper  
  29  3:18  Reaper  
  30  3:24  SCV  
  30  3:37  Reaper  
  30  3:40  Refinery  
  31  3:52  Supply Depot  
  31  3:53  Supply Depot  
  31  4:11  Reaper  
  30  4:24  Barracks Tech Lab  
  30  4:25  Barracks Reactor x2, Barracks Tech Lab  
  30  4:28  Engineering Bay  
  30  4:30  Factory  
  29  4:42  Command Center  
  29  4:43  Marine  
  29  4:45  SCV  
  31  4:57  SCV  
  31  4:58  Marine x2  
  31  4:59  Missile Turret  
  34  5:01  Marine  
  34  5:02  Combat Shields, Stimpack  
  35  5:09  SCV  
  35  5:11  Missile Turret  
  36  5:26  Widow Mine  
  36  5:28  Missile Turret, Marine  
  38  5:29  Supply Depot  
  38  5:33  SCV  
  40  5:42  Marine x2  
  42  5:51  Starport  
  39  6:07  Marine x4  
  39  6:08  Factory Reactor  
  39  6:11  Factory Tech Lab  
  43  6:14  Marine x2  
  43  6:15  SCV, Marine  
  47  6:19  Orbital Command  
  47  6:26  Marine  
  47  6:28  SCV  
  49  6:32  Starport Reactor  
  49  6:35  Terran Infantry Weapons Level 1, Marine  
  49  6:37  Marine  
  51  6:40  SCV  
  51  6:44  Supply Depot  
  51  6:46  SCV  
  53  6:47  Marine  
  53  6:48  Marine  
  53  6:52  Marine x2  
  57  7:00  SCV x2  
  59  7:03  Marine x2  
  59  7:04  Marine  
  59  7:05  Marine  
  59  7:06  Concussive Shells  
  63  7:12  SCV  
  58  7:26  Viking, Medivac  
  58  7:27  Siege Tank  
  65  7:35  Marine x6  
  65  7:36  Marine  
  71  7:46  SCV  
  71  7:47  SCV  
  73  7:53  Marine x2  
  73  7:54  Marauder, Marine x2  
  73  7:58  Marine  
  78  8:10  Supply Depot  
  78  8:13  Supply Depot  
  78  8:29  Terran Infantry Armor Level 1  
  78  8:31  Medivac, Marine  
  78  8:32  SCV, Marauder  
  86  8:36  Supply Depot  
  86  8:37  Marine x2  
  86  8:38  Medivac  
  90  8:43  Command Center  
  90  8:45  SCV x2  
  90  8:47  Marine  
  91  8:57  SCV  
  91  9:01  Medivac  
  94  9:03  Supply Depot  
  94  9:06  Marine  
  94  9:07  Missile Turret  
  95  9:10  Medivac  
  97  9:26  SCV x2  
  89  9:38  SCV  
  72  9:58  Marine x2  
  72  9:59  Marauder, Marine x2  
  62  10:00  Marauder  
  62  10:01  Marine  
  62  10:03  SCV  
  62  10:04  Orbital Command  
  62  10:06  SCV  
  65  10:15  SCV  
  65  10:16  Marine x2  
  65  10:17  Marine x2  
  65  10:21  Marauder x2  
  73  10:23  Marine  
  57  10:34  Marine x3  
  55  10:36  SCV x2  
  55  10:41  SCV  
  55  10:42  Marauder x2, Marine x2  
  64  10:48  SCV, Missile Turret  
  65  10:54  Marine x2  
  67  11:04  Marauder  
  60  11:21  Marine  
  60  11:22  Marine x5  
  60  11:24  SCV, Marine  
  60  11:25  SCV  
  54  11:27  SCV  
  55  11:35  Armory  
  55  11:36  SCV  
  55  11:37  SCV  
  55  11:39  SCV, Marine  
  59  11:40  Marauder  
  59  11:44  Missile Turret  
  61  11:49  SCV x2, Marine  
  61  11:52  SCV  
  65  11:56  Medivac  
  65  12:01  SCV x2  
  69  12:06  Marine x2  
  69  12:07  Marauder  
  73  12:08  Medivac  
  75  12:20  Marine x2  
  75  12:21  Marauder  
  76  12:30  Marine  
  76  12:31  Marauder  
  76  12:33  Siege Tank  
  80  12:39  Marine  
  80  12:40  Marine  
  80  12:42  Marauder, Marine x2  
  86  12:46  Medivac x2  
  86  12:48  SCV x3  
  93  12:52  Marauder  
  91  13:04  Marauder  
Show
View Real Time Build Order
Export as new Build Order

DiYBISCUITs Terran - Winner!

Build Orders: Reaper Expand, MMM Bio 

Get SALT Encoding   

  12  0:02  SCV  
  13  0:15  SCV  
  14  0:27  Supply Depot, SCV  
  15  0:48  Refinery  
  15  0:53  SCV  
  15  0:54  Barracks  
  16  1:10  SCV  
  17  1:20  Refinery  
  17  1:22  SCV  
  19  1:44  Orbital Command  
  18  1:48  Command Center  
  18  1:49  Marine  
  19  2:03  Factory  
  19  2:08  Reaper  
  20  2:09  SCV  
  21  2:21  SCV  
  21  2:22  Supply Depot  
  21  2:38  SCV  
  22  2:48  Factory Tech Lab  
  22  2:50  SCV  
  23  2:56  Starport, Marine  
  24  3:00  Orbital Command  
  24  3:02  SCV  
  25  3:27  SCV  
  25  3:28  SCV  
  25  3:30  Marine  
  25  3:33  Cyclone  
  31  3:35  Starport Tech Lab  
  31  3:39  SCV  
  31  3:40  SCV  
  31  3:50  Marine  
  31  3:54  Bunker  
  28  4:25  Marine  
  29  4:36  Banshee  
  29  4:37  SCV x2  
  34  4:49  SCV  
  34  4:50  Factory Tech Lab  
  34  4:51  Marine  
  36  5:01  SCV  
  37  5:07  Orbital Command  
  37  5:10  Siege Tank  
  40  5:16  Command Center  
  40  5:18  Barracks  
  40  5:19  Barracks  
  40  5:20  Barracks  
  40  5:34  SCV x2  
  42  5:40  Refinery  
  42  5:44  Refinery  
  42  5:46  SCV x2  
  42  5:48  Barracks Tech Lab  
  44  5:57  Siege Tank  
  44  5:58  SCV  
  44  6:07  SCV  
  44  6:10  SCV  
  46  6:15  Barracks Reactor  
  46  6:21  Supply Depot  
  46  6:23  Engineering Bay  
  46  6:26  Engineering Bay  
  46  6:27  Banshee, Marine x3  
  46  6:28  SCV x2  
  46  6:31  Orbital Command  
  54  6:34  Cyclone  
  57  6:40  SCV x2  
  57  6:45  Marine  
  57  6:46  Stimpack  
  60  6:52  SCV, Marauder, Marine x2  
  60  6:54  SCV  
  66  7:02  Barracks Reactor  
  66  7:04  Terran Infantry Weapons Level 1, SCV  
  66  7:06  SCV  
  68  7:13  Marine x2  
  68  7:14  Marauder, Marine  
  73  7:30  SCV x2  
  73  7:31  Marine x2  
  73  7:35  Terran Infantry Armor Level 1, Marauder  
  76  7:42  SCV  
  77  7:47  Supply Depot, SCV  
  78  7:54  SCV  
  78  7:56  Marauder, Starport Reactor  
  81  8:03  Barracks Tech Lab  
  81  8:04  Armory  
  81  8:05  Marine x4  
  83  8:09  Orbital Command  
  85  8:15  SCV  
  85  8:16  SCV  
  85  8:17  Sensor Tower  
  85  8:18  Marauder  
  89  8:27  SCV  
  90  8:37  SCV  
  90  8:38  SCV, Refinery  
  90  8:40  SCV  
  93  8:42  Refinery, Missile Turret  
  93  8:43  Missile Turret  
  93  8:58  Supply Depot x2  
  93  9:02  Terran Infantry Weapons Level 2  
  93  9:03  Supply Depot  
  93  9:19  SCV x3, Cyclone, Medivac x2, Supply Depot, Marine x2, Marauder  
  93  9:20  Supply Depot, Marauder  
  93  9:21  Supply Depot  
  93  9:23  Combat Shields, Terran Ship Weapons Level 1  
  109  9:25  Marine  
  110  9:31  SCV  
  110  9:32  SCV  
  110  9:34  Supply Depot  
  110  9:36  SCV  
  112  9:41  Barracks, Marauder  
  112  9:43  SCV, Barracks  
  104  9:58  Marine x3  
  104  9:59  Marine, Marauder  
  99  10:00  Siege Tank  
  99  10:02  Marauder  
  99  10:06  SCV  
  99  10:07  SCV x2  
  107  10:18  SCV  
  107  10:19  SCV x2  
  107  10:20  Marauder  
  112  10:24  Marine x2  
  112  10:25  Marauder  
  109  10:28  Marine x2  
  109  10:32  Siege Tank  
  109  10:35  SCV x3  
  103  10:39  Terran Infantry Armor Level 2  
  103  10:41  Marauder  
  103  10:42  Barracks Reactor, Marine x2  
  108  10:43  Barracks Reactor, Concussive Shells  
  108  10:46  Marauder, Marine  
  108  10:47  SCV x2, Marine  
  108  10:48  SCV  
  115  10:56  Medivac x2  
  119  10:59  SCV  
  119  11:00  SCV x2, Marine x2  
  119  11:03  Marauder  
  119  11:04  Marine  
  126  11:05  Marine  
  126  11:07  Marauder  
  130  11:11  SCV  
  122  11:24  Marauder  
  120  11:26  Medivac  
  120  11:28  Medivac  
  120  11:29  Marauder, Marine x3  
  129  11:36  SCV  
  129  11:37  Marine  
  131  11:42  Marine  
  131  11:43  Marine  
  131  11:45  Marauder  
  131  11:46  SCV x2  
  137  11:50  Marauder, Marine  
  140  11:56  SCV, Missile Turret, Medivac  
  140  11:58  SCV, Medivac  
  147  12:04  Marine  
  148  12:10  Supply Depot  
  147  12:23  Marauder  
  147  12:24  Marine  
  147  12:27  Supply Depot  
  147  12:29  Supply Depot  
  149  12:31  Medivac x2, Marine x3  
  149  12:35  Marine  
  157  12:49  Marauder x2, Siege Tank, Marine  
  157  12:50  Marine x5  
  170  13:02  Marine x2  
  172  13:06  Marine  
  172  13:08  Marine x3  
  172  13:09  Marine x2  
  172  13:11  Marauder  
  180  13:16  Marauder  
  168  13:25  Marine x3  
  171  13:28  Marine x2  
Tags
 
Add a new tag
Caveats
  • Supply blocks, unpowered buildings, or Contaminate may cause inaccurate times.
  • Supply counts are checked every 10 seconds.